General information
- name: BNet
- type: Ladder team game (AT/RT)
- host: Battle.net
- saver: Peasant.Pro
map: MarketSquare
- players: 8
- length: 41:17
- speed: Fast
- version: 1.26 W3XP
- replay type: Public
» download(229 KB)
Players
team 1 (loser)

»
dendey (
green | 41 APM | 1530 actions | 37:30)
7 Priestess of the Moon
3 Scout
3 Trueshot Aura
1 Starfall
3 Keeper of the Grove
1 Entangling Roots
2 Thorns Aura
» actions
| Assign group hotkey | 15 | |
| Basic commands | 27 | |
| Build / train | 118 | |
| Enter build submenu | 27 | |
| Enter hero's abilities submenu | 10 | |
| Right click | 580 | |
| Select / deselect | 632 | |
| Select group hotkey | 54 | |
| Use ability | 67 | |
1530 total
» units
| Wisp | 29 | |
| Archer | 11 | |
| Hippogryph | 13 | |
| Druid of the Talon | 12 | |
| Dryad | 7 | |
| Chimaera | 2 | |
74 total
» upgrades
| Ultravision | 1 | |
| Improved Bows | 1 | |
| Strength of the Moon | 1 | |
| Hippogryph Taming | 1 | |
| Moon Armor | 1 | |
| Strength of the Wild | 3 | |
| Reinforced Hides | 3 | |
| Druid of the Talon Training | 2 | |
| Nature's Blessing | 1 | |
| Well Spring | 1 | |
| Mark of the Talon | 1 | |
| Abolish Magic | 1 | |
| Backpack | 1 | |
| Hardened Skin | 1 | |
| Resistant Skin | 1 | |
| Corrosive Breath | 1 | |
21 total
» buildings
| Altar of Elders | 1 | |
| Moon Well | 8 | |
| Ancient of War | 1 | |
| Ancient of Wonders | 1 | |
| Hunter's Hall | 1 | |
| Tree of Ages | 1 | |
| Ancient Protector | 1 | |
| Ancient of Wind | 3 | |
| Tree of Eternity | 1 | |
| Tree of Life | 4 | |
| Ancient of Lore | 2 | |
| Chimaera Roost | 2 | |
26 total
» build order
00:12 Altar of Elders
00:16 Moon Well
00:50 Ancient of War
01:34 Moon Well
02:04 Ancient of Wonders
02:19 Moon Well
03:07 Hunter's Hall
03:42 Tree of Ages
04:15 Ancient Protector
05:08 Moon Well
06:05 Ancient of Wind
06:33 Ancient of Wind
11:02 Tree of Eternity
12:47 Tree of Life
15:30 Moon Well
17:51 Tree of Life
19:31 Ancient of Lore
20:04 Ancient of Lore
22:05 Moon Well
28:13 Moon Well
28:14 Moon Well
29:08 Ancient of Wind
29:28 Chimaera Roost
29:30 Chimaera Roost
32:07 Tree of Life
37:08 Tree of Life
» items
| Scroll of Town Portal | 3 | |
| Potion of Healing | 2 | |
| Anti-magic Potion | 3 | |
| Orb of Venom | 1 | |
9 total

»
DETHDAYBIRTHDAY (
pink | 35 APM | 1184 actions | 33:30)
6 Pit Lord
3 Howl of Terror
2 Rain of Fire
1 Doom
5 Death Knight
3 Death Coil
2 Unholy Aura
» actions
| Assign group hotkey | 49 | |
| Basic commands | 63 | |
| Build / train | 90 | |
| Enter build submenu | 16 | |
| Enter hero's abilities submenu | 11 | |
| Give item / drop item | 1 | |
| Right click | 456 | |
| Select / deselect | 269 | |
| Select group hotkey | 170 | |
| Use ability | 59 | |
1184 total
» units
| Acolyte | 43 | |
| Ghoul | 2 | |
| Crypt Fiend | 9 | |
| Forest Troll High Priest | 1 | |
| Frost Wyrm | 6 | |
61 total
» upgrades
| Creature Attack | 3 | |
| Web | 1 | |
| Freezing Breath | 1 | |
5 total
» buildings
| Crypt | 1 | |
| Graveyard | 1 | |
| Ziggurat | 7 | |
| Altar of Darkness | 1 | |
| Nerubian Tower | 1 | |
| Spirit Tower | 4 | |
| Halls of the Dead | 1 | |
| Black Citadel | 1 | |
| Tomb of Relics | 1 | |
| Sacrificial Pit | 1 | |
| Boneyard | 2 | |
21 total
» build order
00:07 Crypt
00:20 Graveyard
00:40 Ziggurat
00:57 Ziggurat
01:16 Altar of Darkness
02:33 Nerubian Tower
02:57 Spirit Tower
04:12 Ziggurat
05:20 Spirit Tower
06:02 Ziggurat
06:30 Halls of the Dead
07:39 Spirit Tower
08:21 Ziggurat
09:55 Spirit Tower
11:03 Black Citadel
11:46 Tomb of Relics
12:24 Sacrificial Pit
13:30 Boneyard
13:30 Boneyard
14:55 Ziggurat
14:56 Ziggurat
» items
| Periapt of Vitality | 1 | |
| Circlet of Nobility | 1 | |
| Scroll of Town Portal | 1 | |
3 total

»
banned_by_cash (
purple | 38 APM | 1415 actions | 37:34)
6 Archmage
2 Summon Water Elemental
3 Brilliance Aura
1 Mass Teleport
5 Paladin
3 Holy Light
2 Devotion Aura
5 Mountain King
3 Storm Bolt
2 Bash
» actions
| Basic commands | 18 | |
| Build / train | 90 | |
| Enter build submenu | 51 | |
| Enter hero's abilities submenu | 16 | |
| Give item / drop item | 2 | |
| Right click | 646 | |
| Select / deselect | 493 | |
| Use ability | 99 | |
1415 total
» units
| Peasant | 23 | |
| Footman | 5 | |
| Knight | 11 | |
| Gryphon Rider | 2 | |
41 total
» upgrades
| Defend | 1 | |
| Masonry | 3 | |
| Swords | 3 | |
| Lumber Harvesting | 2 | |
| Animal War Training | 1 | |
| Plating | 3 | |
13 total
» buildings
| Farm | 12 | |
| Altar of Kings | 2 | |
| Barracks | 3 | |
| Arcane Vault | 1 | |
| Scout Tower | 18 | |
| Arcane Tower | 3 | |
| Keep | 1 | |
| Lumber Mill | 1 | |
| Blacksmith | 1 | |
| Castle | 1 | |
| Town Hall | 6 | |
| Guard Tower | 6 | |
| Gryphon Aviary | 3 | |
58 total
» build order
00:11 Farm
00:19 Altar of Kings
00:22 Altar of Kings
00:29 Barracks
00:52 Farm
01:42 Farm
02:26 Farm
02:46 Arcane Vault
03:04 Scout Tower
04:03 Arcane Tower
04:08 Keep
04:10 Scout Tower
04:19 Farm
05:02 Arcane Tower
05:08 Lumber Mill
05:11 Farm
05:51 Blacksmith
07:16 Castle
07:26 Barracks
07:29 Barracks
09:16 Farm
09:58 Town Hall
11:19 Farm
11:20 Farm
12:55 Scout Tower
12:58 Scout Tower
12:59 Scout Tower
13:01 Scout Tower
13:04 Scout Tower
15:08 Farm
15:09 Farm
16:53 Scout Tower
16:55 Scout Tower
17:26 Town Hall
18:09 Guard Tower
18:10 Arcane Tower
18:21 Town Hall
22:12 Scout Tower
22:13 Scout Tower
22:41 Guard Tower
22:42 Scout Tower
22:44 Scout Tower
23:13 Guard Tower
23:17 Scout Tower
23:18 Scout Tower
23:45 Guard Tower
23:50 Scout Tower
23:51 Scout Tower
25:19 Guard Tower
25:22 Scout Tower
25:25 Farm
26:24 Guard Tower
26:58 Gryphon Aviary
26:59 Gryphon Aviary
27:02 Gryphon Aviary
32:43 Town Hall
32:54 Town Hall
34:52 Town Hall
» items
| Scroll of Regeneration | 3 | |
| Orb of Fire | 2 | |
| Scroll of Town Portal | 1 | |
6 total
UndeadElvis (
orange | 41 APM | 1703 actions | 41:14)
8 Death Knight
3 Death Coil
3 Unholy Aura
2 Death Pact
» actions
| Assign group hotkey | 156 | |
| Basic commands | 184 | |
| Build / train | 59 | |
| Enter build submenu | 36 | |
| Enter hero's abilities submenu | 8 | |
| Give item / drop item | 2 | |
| Right click | 682 | |
| Select / deselect | 271 | |
| Select group hotkey | 219 | |
| Use ability | 86 | |
1703 total
» units
| Acolyte | 11 | |
| Ghoul | 7 | |
| Frost Wyrm | 11 | |
29 total
» upgrades
| Creature Attack | 3 | |
| Creature Carapace | 3 | |
| Freezing Breath | 1 | |
7 total
» buildings
| Crypt | 1 | |
| Ziggurat | 21 | |
| Altar of Darkness | 1 | |
| Tomb of Relics | 1 | |
| Nerubian Tower | 1 | |
| Halls of the Dead | 1 | |
| Graveyard | 1 | |
| Sacrificial Pit | 1 | |
| Black Citadel | 1 | |
| Spirit Tower | 6 | |
| Boneyard | 5 | |
40 total
» build order
00:08 Crypt
00:12 Ziggurat
00:41 Altar of Darkness
01:00 Ziggurat
01:27 Tomb of Relics
01:53 Nerubian Tower
02:47 Halls of the Dead
04:24 Graveyard
06:31 Sacrificial Pit
07:54 Black Citadel
07:58 Ziggurat
08:00 Ziggurat
08:02 Ziggurat
09:19 Spirit Tower
09:22 Ziggurat
09:23 Ziggurat
09:23 Ziggurat
09:24 Ziggurat
09:25 Ziggurat
10:21 Boneyard
10:22 Boneyard
10:24 Boneyard
12:50 Spirit Tower
14:30 Ziggurat
14:37 Ziggurat
17:27 Spirit Tower
21:03 Ziggurat
21:05 Ziggurat
21:21 Ziggurat
21:23 Ziggurat
22:07 Spirit Tower
23:03 Spirit Tower
23:07 Ziggurat
23:08 Ziggurat
23:09 Ziggurat
23:10 Ziggurat
23:11 Ziggurat
25:26 Boneyard
26:28 Boneyard
26:59 Spirit Tower
» items
| Rod of Necromancy | 2 | |
| Orb of Corruption | 1 | |
| Staff of Teleportation | 1 | |
| Scroll of Town Portal | 1 | |
5 total
team 2 (winner)
ServeDaddysDish (
blue | 38 APM | 966 actions | 25:06)
4 Blademaster
2 Wind Walk
2 Critical Strike
2 Shadow Hunter
1 Hex
1 Healing Wave
» actions
| Assign group hotkey | 23 | |
| Basic commands | 10 | |
| Build / train | 70 | |
| Enter build submenu | 23 | |
| Enter hero's abilities submenu | 6 | |
| Give item / drop item | 2 | |
| Right click | 482 | |
| Select / deselect | 246 | |
| Select group hotkey | 26 | |
| Use ability | 78 | |
966 total
» units
| Peon | 18 | |
| Grunt | 5 | |
| Tauren | 11 | |
| Shaman | 7 | |
| Siege Engine | 1 | |
42 total
» upgrades
| Berserker Strength | 1 | |
| Shaman Training | 2 | |
| Armor | 1 | |
| Pulverize | 1 | |
5 total
» buildings
| Altar of Storms | 1 | |
| Orc Burrow | 13 | |
| Voodoo Lounge | 1 | |
| Barracks | 1 | |
| Stronghold | 1 | |
| War Mill | 1 | |
| Fortress | 1 | |
| Spirit Lodge | 1 | |
| Great Hall | 1 | |
| Tauren Totem | 2 | |
23 total
» build order
00:08 Altar of Storms
00:12 Orc Burrow
01:02 Voodoo Lounge
01:25 Barracks
01:52 Orc Burrow
03:35 Stronghold
04:16 Orc Burrow
04:54 War Mill
06:04 Fortress
06:30 Spirit Lodge
07:22 Great Hall
07:46 Orc Burrow
07:50 Orc Burrow
08:42 Tauren Totem
08:45 Tauren Totem
10:43 Orc Burrow
12:22 Orc Burrow
17:01 Orc Burrow
17:03 Orc Burrow
17:04 Orc Burrow
17:06 Orc Burrow
23:16 Orc Burrow
24:17 Orc Burrow
» items
| Healing Salve | 7 | |
| Lesser Clarity Potion | 1 | |
| Scroll of Speed | 1 | |
| Orb of Lightning | 2 | |
| Scroll of Town Portal | 2 | |
13 total

»
Blindmasseus (
red | 41 APM | 1002 actions | 24:29)
4 Firelord
2 Summon Lava Spawn
2 Soul Burn
4 Dark Ranger
2 Black Arrow
1 Silence
1 Life Drain
» actions
| Assign group hotkey | 87 | |
| Basic commands | 82 | |
| Build / train | 108 | |
| Enter build submenu | 18 | |
| Enter hero's abilities submenu | 8 | |
| Give item / drop item | 3 | |
| Remove unit from queue | 7 | |
| Right click | 193 | |
| Select / deselect | 217 | |
| Select group hotkey | 188 | |
| Use ability | 91 | |
1002 total
» units
| Peasant | 19 | |
| Rifleman | 7 | |
| Assassin | 1 | |
| Forest Troll High Priest | 1 | |
| Kobold Geomancer | 3 | |
| Priest | 7 | |
| Knight | 2 | |
| Siege Engine | 6 | |
46 total
» upgrades
| Masonry | 3 | |
| Gunpowder | 4 | |
| Armor | 2 | |
| Long Rifles | 1 | |
| Lumber Harvesting | 1 | |
| Priest Training | 2 | |
| Magic Sentry | 1 | |
| Flak Cannons | 1 | |
| Animal War Training | 1 | |
16 total
» buildings
| Altar of Kings | 1 | |
| Farm | 11 | |
| Barracks | 2 | |
| Lumber Mill | 1 | |
| Scout Tower | 11 | |
| Arcane Vault | 1 | |
| Guard Tower | 3 | |
| Blacksmith | 1 | |
| Keep | 1 | |
| Arcane Sanctum | 1 | |
| Castle | 1 | |
| Workshop | 1 | |
35 total
» build order
00:09 Altar of Kings
00:14 Farm
00:26 Barracks
01:05 Lumber Mill
01:28 Farm
01:55 Scout Tower
02:12 Arcane Vault
02:34 Guard Tower
03:10 Blacksmith
03:19 Barracks
03:24 Farm
03:25 Farm
04:11 Keep
05:23 Scout Tower
05:29 Farm
05:33 Farm
06:42 Guard Tower
07:03 Arcane Sanctum
10:24 Castle
10:31 Farm
10:32 Farm
13:05 Farm
13:06 Farm
13:06 Farm
13:44 Workshop
14:44 Scout Tower
14:45 Scout Tower
14:46 Scout Tower
14:46 Scout Tower
14:47 Scout Tower
14:48 Scout Tower
23:30 Scout Tower
23:33 Scout Tower
23:33 Scout Tower
24:08 Guard Tower
» items
| Lesser Clarity Potion | 9 | |
| Scroll of Regeneration | 2 | |
| Mechanical Critter | 2 | |
| Scroll of Town Portal | 1 | |
| Scroll of Speed | 1 | |
| Potion of Mana | 4 | |
19 total

»
Bloodofwar- (
yellow | 41 APM | 848 actions | 20:32)
5 Archmage
3 Summon Water Elemental
2 Brilliance Aura
» actions
| Assign group hotkey | 16 | |
| Basic commands | 3 | |
| Build / train | 58 | |
| Enter build submenu | 22 | |
| Enter hero's abilities submenu | 7 | |
| Right click | 287 | |
| Select / deselect | 278 | |
| Select group hotkey | 137 | |
| Use ability | 40 | |
848 total
» units
| Peasant | 15 | |
| Footman | 6 | |
| Rifleman | 9 | |
| Siege Engine | 6 | |
36 total
» upgrades
| Gunpowder | 3 | |
| Long Rifles | 1 | |
| Lumber Harvesting | 1 | |
| Barrage | 1 | |
| Armor | 1 | |
| Plating | 2 | |
9 total
» buildings
| Farm | 14 | |
| Altar of Kings | 1 | |
| Barracks | 1 | |
| Lumber Mill | 1 | |
| Blacksmith | 1 | |
| Keep | 1 | |
| Scout Tower | 1 | |
| Castle | 1 | |
| Workshop | 2 | |
| Guard Tower | 1 | |
| Town Hall | 1 | |
25 total
» build order
00:21 Farm
00:29 Altar of Kings
00:36 Barracks
01:03 Farm
01:45 Farm
01:52 Lumber Mill
02:25 Farm
03:51 Farm
04:22 Blacksmith
04:28 Farm
04:48 Keep
06:17 Scout Tower
06:23 Farm
07:32 Castle
07:36 Workshop
07:40 Workshop
07:50 Guard Tower
08:52 Farm
09:32 Farm
11:58 Farm
16:15 Town Hall
17:27 Farm
17:52 Farm
17:56 Farm
17:59 Farm
» items
| Healing Salve | 1 | |
| Potion of Healing | 3 | |
4 total
Peasant.Pro (
teal | 61 APM | 2521 actions | 41:17)
8 Blood Mage
3 Flame Strike
3 Banish
1 Summon Phoenix
1 Siphon Mana
1 Firelord
1 Summon Lava Spawn
1 Archmage
1 Mass Teleport
» actions
| Assign group hotkey | 55 | |
| Basic commands | 10 | |
| Build / train | 139 | |
| ESC pressed | 1 | |
| Enter build submenu | 43 | |
| Enter hero's abilities submenu | 10 | |
| Give item / drop item | 2 | |
| Remove unit from queue | 2 | |
| Right click | 1224 | |
| Select / deselect | 578 | |
| Select group hotkey | 335 | |
| Use ability | 122 | |
2521 total
» units
| Peasant | 20 | |
| Footman | 7 | |
| Gryphon Rider | 8 | |
| Dragonhawk Rider | 11 | |
46 total
» upgrades
| Swords | 4 | |
| Masonry | 5 | |
| Armor | 3 | |
| Lumber Harvesting | 2 | |
| Animal War Training | 1 | |
| Storm Hammers | 1 | |
| Cloud | 1 | |
| Backpack | 1 | |
| Gunpowder | 2 | |
| Plating | 3 | |
| Long Rifles | 1 | |
| Magic Sentry | 1 | |
| Sorceress Training | 2 | |
27 total
» buildings
| Altar of Kings | 1 | |
| Farm | 13 | |
| Barracks | 1 | |
| Scout Tower | 22 | |
| Arcane Tower | 2 | |
| Arcane Vault | 1 | |
| Keep | 3 | |
| Lumber Mill | 2 | |
| Blacksmith | 1 | |
| Castle | 2 | |
| Gryphon Aviary | 2 | |
| Town Hall | 1 | |
| Guard Tower | 13 | |
| Cannon Tower | 1 | |
| Arcane Sanctum | 1 | |
66 total
» build order
00:03 Altar of Kings
00:07 Farm
00:15 Barracks
01:15 Farm
01:31 Scout Tower
02:01 Arcane Tower
02:08 Farm
03:10 Arcane Vault
03:57 Farm
04:20 Keep
05:30 Lumber Mill
05:34 Blacksmith
06:49 Castle
07:43 Gryphon Aviary
09:29 Gryphon Aviary
10:19 Farm
10:27 Farm
12:56 Farm
16:49 Town Hall
17:43 Farm
17:45 Farm
21:23 Scout Tower
21:24 Scout Tower
21:29 Scout Tower
21:54 Scout Tower
21:55 Scout Tower
21:55 Scout Tower
21:56 Scout Tower
21:56 Scout Tower
21:57 Scout Tower
22:24 Guard Tower
22:26 Cannon Tower
23:05 Guard Tower
24:07 Guard Tower
24:08 Guard Tower
25:17 Scout Tower
25:18 Scout Tower
25:21 Guard Tower
25:42 Scout Tower
25:43 Scout Tower
25:47 Scout Tower
25:49 Scout Tower
25:54 Guard Tower
26:16 Guard Tower
26:33 Scout Tower
26:34 Scout Tower
26:36 Keep
26:48 Guard Tower
27:13 Guard Tower
27:42 Guard Tower
28:28 Guard Tower
28:32 Arcane Tower
30:28 Lumber Mill
32:13 Scout Tower
32:14 Scout Tower
33:14 Guard Tower
34:03 Castle
36:06 Farm
36:51 Farm
37:14 Arcane Sanctum
38:24 Farm
38:27 Farm
39:47 Keep
39:54 Scout Tower
39:55 Scout Tower
40:23 Guard Tower
» items
| Scroll of Regeneration | 11 | |
| Lesser Clarity Potion | 7 | |
| Boots of Speed | 1 | |
| Staff of Teleportation | 1 | |
| Potion of Invisibility | 6 | |
| Potion of Healing | 3 | |
| Scroll of Town Portal | 2 | |
31 total
Chat log
(00:38 / Allies) ServeDaddysDish: units?
(00:44 / Allies) Peasant.Pro: footies into gryphons
(00:51 / Allies) Blindmasseus: guns morts
(01:20 / Allies) Bloodofwar-: blue u gettin melee?
(01:28 / Allies) ServeDaddysDish: ya
(01:34 / Allies) Bloodofwar-: k rifles tanks
(02:00 / Allies) ServeDaddysDish: gonna go see
(02:47 / All) DETHDAYBIRTHDAY: gg
(02:51 / All) Peasant.Pro: ?
(03:31 / All) Bloodofwar-: LOL
(03:35 / All) DETHDAYBIRTHDAY: LOL
(03:36 / All) Peasant.Pro: ?
(03:46 / All) ServeDaddysDish: good day to be alive gentlemen
(03:49 / All) DETHDAYBIRTHDAY: you see what happened?
(03:52 / All) Peasant.Pro: no
(04:02 / All) ServeDaddysDish: potm owl...u sneak
(05:43 / Allies) ServeDaddysDish: out
(05:56 / Allies) ServeDaddysDish: he tpd
(08:35 / Allies) ServeDaddysDish: get
(08:42 / All) UndeadElvis: rape
(09:19 / Allies) Peasant.Pro: wood please
(10:13 / Allies) Peasant.Pro: wood me, making gryphons
(10:20 / Allies) Blindmasseus: thks for theifing me
(10:23 / Allies) Peasant.Pro: ?
(10:31 / Allies) ServeDaddysDish: hes mass hippos
(10:33 / Allies) ServeDaddysDish: go hawks
(10:37 / Allies) Peasant.Pro: k
(11:38 / Allies) ServeDaddysDish: get expos or lets hit
(12:00 / Allies) ServeDaddysDish: they there
(12:29 / Allies) ServeDaddysDish: aa
(15:16 / Allies) Blindmasseus: teal
(15:20 / Allies) Peasant.Pro: ?
(15:28 / Allies) ServeDaddysDish: whwere u guys goin?
(15:32 / Allies) Peasant.Pro: I am harassing
(15:36 / Allies) Peasant.Pro: dont hit pink yet
(15:37 / Allies) Peasant.Pro: 1 sec
(16:17 / Allies) ServeDaddysDish: red
(16:18 / Allies) ServeDaddysDish: kill frsots
(16:28 / Allies) Bloodofwar-: out
(16:31 / Allies) ServeDaddysDish: fuck this
(16:46 / Allies) ServeDaddysDish: killing farms
(18:03 / Allies) Blindmasseus: blue pls move
(21:19 / All) DETHDAYBIRTHDAY: lol
(21:48 / All) ServeDaddysDish: why would he leave...
(21:59 / Allies) Blindmasseus: rally up
(23:20 / Allies) Blindmasseus: teal
(23:36 / Allies) ServeDaddysDish: red move
(26:00 / All) Peasant.Pro: leave faggots you lost
(26:04 / All) Peasant.Pro: I raped pink all game long
(26:07 / All) Peasant.Pro: acolytes? what's that?
(26:17 / All) DETHDAYBIRTHDAY: you got like 9 aco kills
(26:18 / All) DETHDAYBIRTHDAY: gj
(26:21 / All) Peasant.Pro: 15
(26:21 / All) DETHDAYBIRTHDAY: you lost though..
(26:26 / All) Peasant.Pro: i won, get the fuck out faggot
(26:28 / All) DETHDAYBIRTHDAY: still aco
(27:14 / All) DETHDAYBIRTHDAY: teal rocks
(27:20 / All) Peasant.Pro: thanks
(27:21 / All) DETHDAYBIRTHDAY: you guys see his flaming moves?
(27:24 / All) Peasant.Pro: I raped you 1v4
(27:25 / All) DETHDAYBIRTHDAY: FAG
(27:29 / All) Peasant.Pro: umad?
(27:34 / All) DETHDAYBIRTHDAY: no
(27:35 / All) DETHDAYBIRTHDAY: happy
(27:37 / All) DETHDAYBIRTHDAY: who won?
(27:40 / All) Peasant.Pro: me
(27:57 / All) Peasant.Pro: get the fuck out shiteating niggerjuicing lower class trash
(28:07 / All) DETHDAYBIRTHDAY: yikes
(28:15 / All) DETHDAYBIRTHDAY: nah i guess you did win
(28:20 / All) DETHDAYBIRTHDAY: gj teal
(28:23 / All) DETHDAYBIRTHDAY: you badass, you
(28:24 / All) Peasant.Pro: ty, out
(29:12 / All) Peasant.Pro: nice acos bro
(29:15 / All) Peasant.Pro: and mine
(29:18 / All) DETHDAYBIRTHDAY: lol
(29:20 / All) Peasant.Pro: o wait
(29:20 / All) DETHDAYBIRTHDAY: wowzers
(29:38 / All) DETHDAYBIRTHDAY: nice job bro
(29:42 / All) Peasant.Pro: ty friend
(30:58 / All) Peasant.Pro: ty for xp pink
(31:03 / All) DETHDAYBIRTHDAY: OH SNAP
(31:06 / All) DETHDAYBIRTHDAY: HE GOT ME AGAIN
(31:12 / All) UndeadElvis: It appears that you are the one talking
(31:14 / All) UndeadElvis: crying
(31:19 / All) Peasant.Pro: And dying
(31:23 / All) DETHDAYBIRTHDAY: ?
(31:31 / All) Peasant.Pro: I do the seeing, the slaying, the talking and killing, pink
(31:41 / All) DETHDAYBIRTHDAY: wowzers..
(32:12 / All) DETHDAYBIRTHDAY: teal you are a bomb
(32:13 / All) UndeadElvis: Raped nigger
(32:15 / All) DETHDAYBIRTHDAY: not the bomb
(32:20 / All) DETHDAYBIRTHDAY: you are all its components
(32:22 / All) DETHDAYBIRTHDAY: lol
(32:23 / All) Peasant.Pro: I exploded all over you and raped your candy ass
(32:32 / All) DETHDAYBIRTHDAY: no no no n
(32:37 / All) DETHDAYBIRTHDAY: now wait
(32:40 / All) DETHDAYBIRTHDAY: none of that happened
(32:47 / All) Peasant.Pro: Yes it did
(32:50 / All) Peasant.Pro: My flame strikes exploded
(32:53 / All) DETHDAYBIRTHDAY: gona go search another game
(32:53 / All) Peasant.Pro: And raeped you!
(32:57 / All) Peasant.Pro: K bye scrub
(32:57 / All) UndeadElvis: You guys literally can't do shit to me
(32:59 / All) DETHDAYBIRTHDAY: orange likes the cocks
(33:09 / All) Peasant.Pro: You just like the semen
(33:23 / All) DETHDAYBIRTHDAY: orange is almost as badass as you teal
(33:26 / All) UndeadElvis: I'm invincible
(33:27 / All) Peasant.Pro: I know
(34:44 / All) Peasant.Pro: raped
(34:45 / All) Peasant.Pro: ez
(34:56 / All) Peasant.Pro: get the fuck out trash
(35:11 / All) UndeadElvis: He got a wyrm
(35:21 / All) Peasant.Pro: sounds cost effective, 1 army for 1 wyrm
(36:19 / All) Peasant.Pro: out
(36:26 / All) Peasant.Pro: THE
(36:27 / All) Peasant.Pro: FUCK
(36:28 / All) Peasant.Pro: OUT
(36:29 / All) Peasant.Pro: GET
(36:29 / All) Peasant.Pro: THE
(36:30 / All) Peasant.Pro: FUCK
(36:31 / All) Peasant.Pro: OUT
(36:35 / All) banned_by_cash: nerd rage
(37:38 / All) Peasant.Pro: raped
(37:41 / All) Peasant.Pro: which team gets the loss?
(37:48 / All) UndeadElvis: my team
(37:50 / All) Peasant.Pro: k
(37:52 / All) UndeadElvis: hang on
(37:55 / All) UndeadElvis: I'm whispering them
(37:59 / All) Peasant.Pro: lol
(38:05 / All) Peasant.Pro: I think pink was mad
(38:14 / All) UndeadElvis: lol yes
(38:21 / All) UndeadElvis: he said somethinga bout me havign "assburgers"
(38:33 / All) UndeadElvis: then he followed that up by lets just win bro
(38:35 / All) Peasant.Pro: He was suprr mad
(38:39 / All) Peasant.Pro: Not even super mad
(38:41 / All) Peasant.Pro: Just suprr
(39:55 / All) UndeadElvis: Purple didn't respond and pink doesn't have an ounce of wit
(39:59 / All) Peasant.Pro: lol
(40:02 / All) Peasant.Pro: Doesn't surprise me
(40:02 / All) UndeadElvis: and unfortunately he's trying to be witty
(40:05 / All) UndeadElvis: not super pissed
(40:07 / All) Peasant.Pro: What did he say?
(40:22 / All) UndeadElvis: He said "you don't get much attention around the house do you?"
(40:29 / All) Peasant.Pro: Wow
(40:32 / All) Peasant.Pro: That is amazingly unfunny
(40:42 / All) UndeadElvis: then I said I lived alone, without pets and that the last woman I butchered, BBQed and ate with Frank's Red Hot
(40:52 / All) UndeadElvis: then he said he was straight
(41:01 / All) UndeadElvis: and I asked if he was sure because he could hang out in my cellar
(41:09 / All) UndeadElvis: he didn't respond
(41:13 / All) UndeadElvis: I alt qq